[Event "ICC tourney 2067 (45 10)"]
[Site "Internet Chess Club"]
[Date "2020.10.17"]
[Round "2"]
[White "Khammurabi"]
[Black "chessmilano"]
[Result "1/2-1/2"]
[ICCResult "Game drawn by repetition"]
[WhiteElo "1541"]
[BlackElo "1682"]
[Opening "French defense, Steiner variation"]
[ECO "C00"]
[NIC "FR.01"]
[Time "13:33:29"]
[TimeControl "2700+10"]

1. e4 e6 2. c4 d5 3. exd5 exd5 4. cxd5 Qxd5 5. Nc3 Qd8 6. d4 Nf6 7. Bc4 Bd6
8. Bg5 O-O 9. Nge2 c6 10. Qc2 h6 11. h4 b5 12. Bb3 Na6 13. O-O-O Nb4 14. Qg6
Nbd5 15. Qc2 Qb6 16. g4 Bxg4 17. Rdg1 h5 18. f3 Bxf3 19. Bxf6 Nxf6 20. Qg6
Bg4 21. Rxg4 hxg4 22. h5 Kh8 23. Bxf7 Rxf7 24. Qxf7 Qc7 25. Qg6 Bf4+ 26. Kb1
Bh6 27. Rf1 Rf8 28. Ne4 Qe7 29. Nxf6 Rxf6 30. Rxf6 Qxf6 31. Qxg4 a5 32. Ng3
Qe7 33. Qc8+ Kh7 34. Qf5+ Kg8 35. Qc8+ Kf7 36. Qf5+ Qf6 37. Qd7+ Kg8 38.
Qe8+ Kh7 39. Qe4+ g6 40. hxg6+ Qxg6 41. Kc2 Qxe4+ 42. Nxe4 Kg6 43. Kd3 Bf8
44. Ng3 Kf6 45. Ke4 Ke6 46. Nf5 a4 47. b3 a3 48. Ne3 Kd6 49. Nf5+ Kc7 50.
Ne3 Bh6 51. Nf5 Bc1 52. Ke5 Kb6 53. Nd6 Be3 54. Ne4 Bg1 55. Nd2 Ka5 56. d5
cxd5 57. Kxd5 Kb4 58. Ne4 Be3 59. Kc6 Bf4 60. Kd5 Ka5 61. Kc6 Kb4 62. Kd5
Bh2 63. Kc6 Be5 64. Kd5 Bc3 65. Kc6 Be5 66. Kd5 Bb8 67. Kc6 Bf4 68. Kd5 Ka5
69. Kc6 Be5 70. Kd5 Bb2 71. Kc6 b4 72. Nd6 Bd4 73. Nb7+ Ka6 74. Nc5+ Ka5 75.
Nb7+ Ka6 76. Nc5+ Bxc5 77. Kxc5 Ka5 78. Kc6 Ka6 79. Kc5 Ka5 80. Kc6 Ka6 81.
Kc5 Ka5 {Game drawn by repetition} 1/2-1/2

[Event "ICC tourney 2067 (45 10)"]
[Site "Internet Chess Club"]
[Date "2020.10.17"]
[Round "2"]
[White "wahoo"]
[Black "kevinsun"]
[Result "0-1"]
[ICCResult "White checkmated"]
[WhiteElo "1762"]
[BlackElo "1431"]
[Opening "Sicilian: accelerated fianchetto, modern variation"]
[ECO "B34"]
[NIC "SI.33"]
[Time "13:34:19"]
[TimeControl "2700+10"]

1. e4 c5 2. Nf3 Nc6 3. d4 cxd4 4. Nxd4 g6 5. Nc3 Bg7 6. Be3 Nf6 7. f3 O-O 8.
Qd2 d5 9. exd5 Nxd5 10. Nxd5 Qxd5 11. Nxc6 Qxc6 12. c3 Be6 13. Be2 Rfd8 14.
Qc2 Bf5 15. Qb3 Bd3 16. Bxd3 Rxd3 17. Bf2 Bh6 18. O-O b6 19. Rad1 Rad8 20.
Rxd3 Rxd3 21. Re1 Qd7 22. Bd4 Bg7 23. Bxg7 Kxg7 24. h3 Rd2 25. c4 Kg8 26.
Qc3 Qd6 27. Rxe7 Rxg2+ 28. Kxg2 Qxe7 29. Qd2 Qh4 30. b3 Qf6 31. b4 Kf8 32.
a4 Ke7 33. Qe3+ Kd7 34. Qd2+ Kc7 35. b5 Qd6 36. Qc2 Kd7 37. h4 Qf4 38. Qd3+
Kc7 39. Kh3 Qe5 40. Kg4 Qh5+ 41. Kh3 g5 42. Qf5 Qxh4+ 43. Kg2 Qxc4 44. Qe5+
Kd7 45. Qf5+ Qe6 46. Qd3+ Ke7 47. Qa3+ Kf6 48. Qc3+ Kg6 49. Qd3+ Kh6 50. Qd8
Qe2+ 51. Kg3 Qe5+ 52. Kg2 Kh5 53. Qd1 Qf4 54. Qd7 g4 55. Qd5+ Kh4 56. Qd8+
Qg5 57. Qd6 gxf3+ 58. Kxf3 Qf5+ 59. Kg2 Qg6+ 60. Qxg6 hxg6 61. Kf3 g5 62.
Ke4 g4 63. Kd5 g3 64. Kc6 g2 65. Kb7 g1=Q 66. Kxa7 f5 67. Kb7 f4 68. Ka7 f3
69. Ka6 Qc5 70. Kb7 f2 71. Ka6 f1=Q 72. Ka7 Qb4 73. Ka6 Qxa4+ 74. Kb7 Qf7+
75. Kc6 Qfc4+ 76. Kxb6 Qcxb5+ 77. Kc7 Qac4+ 78. Kd6 Qbd5+ 79. Ke7 Qce4+ 80.
Kf6 Qdf5+ 81. Kg7 Qeg4+ 82. Kh6 Qfg6# {White checkmated} 0-1

[Event "ICC tourney 2067 (45 10)"]
[Site "Internet Chess Club"]
[Date "2020.10.17"]
[Round "2"]
[White "mnm2"]
[Black "bonnelleo1"]
[Result "1/2-1/2"]
[ICCResult "Game drawn by repetition"]
[WhiteElo "1308"]
[BlackElo "1879"]
[Opening "French: Tarrasch"]
[ECO "C03"]
[NIC "FR.14"]
[Time "13:34:00"]
[TimeControl "2700+10"]

1. e4 e6 2. d4 d5 3. Nd2 Be7 4. Ngf3 c5 5. c3 Nc6 6. Bb5 Nf6 7. exd5 Nxd5 8.
O-O Bd7 9. Re1 O-O 10. dxc5 Bxc5 11. Ne4 Be7 12. Bc4 Nf6 13. Nxf6+ Bxf6 14.
Be3 Na5 15. Bd3 Qc7 16. Qc2 h6 17. Qd2 Nc6 18. Bxh6 Ne7 19. Bf4 Qa5 20. Re3
Bc6 21. a3 Rfd8 22. Qc2 Nd5 23. Re4 Nxf4 24. Rxf4 e5 25. Rb4 Rd6 26. Rd1
Rad8 27. Bh7+ Kf8 28. Rxd6 Rxd6 29. Be4 Qd8 30. h3 a5 31. Rc4 Bb5 32. Rc5
Qb6 33. b4 axb4 34. cxb4 Bc6 35. Bxc6 bxc6 36. Nxe5 Bxe5 37. Rxe5 Qd4 38.
Rc5 Qa1+ 39. Kh2 Qxa3 40. Rxc6 Rxc6 41. Qxc6 Qxb4 42. Qc8+ Ke7 43. Qg4 Qb2
44. Qe4+ Kf8 45. Qa8+ Ke7 46. Qe4+ Kf8 47. Qa8+ Ke7 48. Qe4+
{Game drawn by repetition}
1/2-1/2

[Event "ICC tourney 2067 (45 10)"]
[Site "Internet Chess Club"]
[Date "2020.10.17"]
[Round "2"]
[White "orwind"]
[Black "SerenaE"]
[Result "1/2-1/2"]
[ICCResult "Game drawn by repetition"]
[WhiteElo "1498"]
[BlackElo "1621"]
[Opening "Sicilian: Nimzovich-Rossolimo attack (with ...g6, without ...d6)"]
[ECO "B31"]
[NIC "SI.31"]
[Time "13:33:28"]
[TimeControl "2700+10"]

1. e4 c5 2. Nf3 Nc6 3. Bb5 g6 4. Bxc6 dxc6 5. O-O Bg7 6. Nc3 e5 7. d3 Ne7 8.
Be3 Qd6 9. Qd2 O-O 10. h3 Re8 11. Bh6 Bh8 12. Nh2 Be6 13. f4 exf4 14. Bxf4
Qd7 15. Nf3 Rad8 16. Be3 b6 17. Qf2 f5 18. Ng5 Rf8 19. Qh4 Nc8 20. Nxe6 Qxe6
21. Bg5 Rde8 22. exf5 Rxf5 23. Ne4 Ref8 24. Rfe1 Qf7 25. Bh6 Re8 26. Ng5
Rxe1+ 27. Rxe1 Bd4+ 28. Qxd4 cxd4 29. Nxf7 Kxf7 30. Rf1 Nd6 31. g4 Rxf1+ 32.
Kxf1 Kf6 33. Bf4 Nc8 34. Ke2 g5 35. Bb8 h6 36. Kf3 c5 37. Ke4 Ke6 38. c3
dxc3 39. bxc3 a6 40. d4 cxd4 41. Kxd4 Nd6 42. Bxd6 Kxd6 43. Ke4 Ke6 44. c4
a5 45. a4 Kd6 46. Kf5 Kc5 47. Kg6 Kxc4 48. Kxh6 Kb4 49. Kxg5 Kxa4 50. h4 b5
51. h5 b4 52. h6 b3 53. h7 b2 54. h8=Q b1=Q 55. Qd4+ Qb4 56. Qa1+ Qa3 57.
Qd4+ Qb4 58. Qa1+ Qa3 59. Qd4+ Qb4 {Game drawn by repetition} 1/2-1/2

[Event "ICC tourney 2067 (45 10)"]
[Site "Internet Chess Club"]
[Date "2020.10.17"]
[Round "2"]
[White "tigertiger2019"]
[Black "psampat"]
[Result "1-0"]
[ICCResult "Black checkmated"]
[WhiteElo "1685"]
[BlackElo "1842"]
[Opening "French defense"]
[ECO "A04"]
[NIC "QP.11"]
[Time "13:33:27"]
[TimeControl "2700+10"]

1. Nf3 e6 2. e4 d5 3. d3 dxe4 4. dxe4 Qxd1+ 5. Kxd1 Bc5 6. Bf4 c6 7. Bg3 Nf6
8. Nbd2 O-O 9. Bd3 b6 10. Nb3 Be7 11. c3 Na6 12. Kc2 Nc5 13. Nxc5 Bxc5 14.
b4 Be7 15. Nd4 Bb7 16. a4 c5 17. bxc5 Bxc5 18. f3 Rfd8 19. Nb3 Be7 20. a5
Nd7 21. axb6 axb6 22. Bf2 Nc5 23. Nxc5 bxc5 24. Rhb1 Bc6 25. Rxa8 Rxa8 26.
Bc4 g6 27. Rb6 Ba4+ 28. Kb2 Rd8 29. Be3 Kg7 30. Ra6 Rb8+ 31. Kc1 Bb5 32. Ra7
Bd6 33. Bxe6 Kf6 34. Bxf7 Bxh2 35. Bd5 Bd3 36. Rf7+ Ke5 37. Re7+ Kd6 38.
Re6+ Kd7 39. c4 Bg3 40. Kd2 Bf1 41. Bxc5 Bf4+ 42. Kc2 Bxg2 43. Re7+ Kd8 44.
Rf7 g5 45. Bd4 Bxf3 46. Bf6+ Ke8 47. Re7+ Kf8 48. Rxh7 Ke8 49. Bf7+ Kf8 50.
Bg6 Bd1+ 51. Kxd1 Rb1+ 52. Kc2 Rc1+ 53. Kb2 Rh1 54. Rxh1 Be5+ 55. Bxe5 Ke7
56. Bf5 g4 57. Rh7+ Kf8 58. Bg6 g3 59. Bf6 g2 60. Rh8# {Black checkmated}
1-0

[Event "ICC tourney 2067 (45 10)"]
[Site "Internet Chess Club"]
[Date "2020.10.17"]
[Round "3"]
[White "AJ2000"]
[Black "michaelxiao"]
[Result "1-0"]
[ICCResult "Black checkmated"]
[WhiteElo "1641"]
[BlackElo "1323"]
[Opening "French: Tarrasch, open, 4.ed ed"]
[ECO "C08"]
[NIC "FR.20"]
[Time "16:02:09"]
[TimeControl "2700+10"]

1. e4 e6 2. d4 d5 3. Nd2 c5 4. exd5 exd5 5. Bb5+ Bd7 6. Bxd7+ Nxd7 7. Ne2
Ngf6 8. O-O cxd4 9. Nxd4 Bc5 10. Re1+ Be7 11. Nf5 O-O 12. Nxe7+ Kh8 13. Nf3
Ne4 14. Nxd5 Ndc5 15. b4 f5 16. bxc5 Nxc5 17. Qd4 Ne4 18. Bb2 Rf7 19. Ne5
Rf8 20. Ng6+ hxg6 21. Qxg7# {Black checkmated} 1-0

[Event "ICC tourney 2067 (45 10)"]
[Site "Internet Chess Club"]
[Date "2020.10.17"]
[Round "3"]
[White "che2468"]
[Black "clair"]
[Result "1-0"]
[ICCResult "Black resigns"]
[WhiteElo "1415"]
[BlackElo "1672"]
[Opening "Robatsch defense"]
[ECO "A40"]
[NIC "QO.17"]
[Time "16:02:40"]
[TimeControl "2700+10"]

1. d4 g6 2. Nc3 Bg7 3. e4 e6 4. Nf3 Ne7 5. Bg5 h6 6. Bh4 d6 7. Bd3 Nd7 8.
Qd2 a6 9. Bg3 b5 10. h4 Bb7 11. Bf4 e5 12. dxe5 dxe5 13. Be3 c5 14. b3 Qa5
15. g4 Nc6 16. a4 Nd4 17. Bxd4 cxd4 18. Nd5 Qxd2+ 19. Nxd2 O-O 20. h5 bxa4
21. Rxa4 Nc5 22. Ra5 Nxd3+ 23. cxd3 Rfc8 24. Nc4 Bxd5 25. exd5 Rcb8 26. Ra3
g5 27. Kd2 Rb5 28. d6 Bf8 29. Rha1 Rd5 30. Nb6 Bxd6 31. Nxd5 Bxa3 32. Rxa3
Kf8 33. b4 Rd8 34. Nc7 Rb8 35. Nxa6 Rb6 36. Kc2 Ke7 37. Kb3 Ke6 38. Nc5+ Kd5
39. Ra5 Kd6 40. Ra6 Rxa6 41. Nxa6 Kc6 42. Kc4 f6 43. b5+ Kb6 44. Nc5 f5 45.
gxf5 g4 46. f6 e4 47. dxe4 Kc7 48. f7 d3 49. f8=Q {Black resigns} 1-0

[Event "ICC tourney 2067 (45 10)"]
[Site "Internet Chess Club"]
[Date "2020.10.17"]
[Round "3"]
[White "SanthoshA"]
[Black "SunnyCountry"]
[Result "1-0"]
[ICCResult "Black resigns"]
[WhiteElo "1552"]
[BlackElo "1349"]
[Opening "Sicilian: Najdorf, Byrne (English) attack"]
[ECO "B90"]
[NIC "SI.14"]
[Time "16:02:12"]
[TimeControl "2700+10"]

1. e4 c5 2. Nf3 d6 3. d4 cxd4 4. Nxd4 Nf6 5. Nc3 a6 6. Be3 e6 7. Bd3 Nc6 8.
Nb3 Qc7 9. O-O Be7 10. Qd2 b5 11. a3 Bb7 12. f3 O-O 13. Nd4 Rac8 14. Qf2
Rfe8 15. Nce2 Nd7 16. Nb3 Nde5 17. Rad1 Qd8 18. Bf4 h6 19. c3 Ng6 20. Bg3
Nce5 21. Ned4 Bh4 22. Bxh4 Nxh4 23. g3 Nhg6 24. Qe2 Nc6 25. Nxc6 Bxc6 26.
Nd4 Bb7 27. Kh1 Ne5 28. Qd2 Qc7 29. Be2 Bc6 30. Nxc6 Nxc6 31. Qxd6 Qxd6 32.
Rxd6 Red8 33. Rfd1 Rxd6 34. Rxd6 Kf8 35. f4 Ke7 36. e5 f6 37. Bf3 Nb8 38.
Bb7 Rc7 39. Bxa6 Nxa6 40. Rxa6 fxe5 41. fxe5 Rb7 42. Kg2 g5 43. Kf3 Kf7 44.
Kg4 Rb8 45. Kh5 Rh8 46. Rb6 Kg7 47. Rxb5 Re8 48. Rb7+ Kg8 49. Kxh6 Kf8 50.
Kxg5 {Black resigns} 1-0

[Event "ICC tourney 2067 (45 10)"]
[Site "Internet Chess Club"]
[Date "2020.10.17"]
[Round "3"]
[White "che8642"]
[Black "castle2king"]
[Result "1/2-1/2"]
[ICCResult "Game drawn by mutual agreement"]
[WhiteElo "1526"]
[BlackElo "1556"]
[Opening "Queen's pawn game"]
[ECO "D00"]
[NIC "QP.07"]
[Time "16:02:01"]
[TimeControl "2700+10"]

1. d4 Nf6 2. Nc3 d5 3. Bf4 g6 4. e3 Bg7 5. Be2 O-O 6. Nf3 c5 7. dxc5 Nc6 8.
O-O Re8 9. Nb5 e5 10. Bg5 b6 11. cxb6 axb6 12. a4 h6 13. Bh4 Bf5 14. c3 Qd7
15. Qd2 Ne4 16. Qd1 g5 17. Bg3 Rad8 18. Qb3 d4 19. exd4 exd4 20. Rad1 Nxg3
21. fxg3 Rxe2 22. Nfxd4 Nxd4 23. Nxd4 Bxd4+ 24. Rxd4 Qe7 25. Rxd8+ Qxd8 26.
Rxf5 Re1+ 27. Rf1 Qe7 28. Qxb6 Qe2 29. Qf2 Rxf1+ 30. Qxf1 Qxb2 31. Qe1 Qb6+
32. Kh1 Qa5 33. Qe8+ Kg7 34. Qc6 Qe5 35. Qb6 Qe1+ 36. Qg1 Qxc3 37. Qf2 Qa1+
38. Qg1 Qxa4 39. h3 f5 40. Kh2 f4 41. Qf2 fxg3+ 42. Qxg3 Qe8 43. Qc3+ Kg6
44. Qd3+ Kg7 45. Qd4+ Kh7 46. Qa7+ Kg8 47. Qa2+ Qf7 48. Qxf7+ Kxf7 49. Kg3
Kg6 50. Kg4 h5+ 51. Kf3 Kf7 52. g3 Kf6 53. Ke4 Ke6 54. h4 gxh4 55. gxh4 Kf6
56. Kf4 {Game drawn by mutual agreement} 1/2-1/2

[Event "ICC tourney 2067 (45 10)"]
[Site "Internet Chess Club"]
[Date "2020.10.17"]
[Round "3"]
[White "JGroder"]
[Black "marinaxiao"]
[Result "1/2-1/2"]
[ICCResult "Game drawn because neither player has mating material"]
[WhiteElo "1742"]
[BlackElo "1440"]
[Opening "Sicilian: Pelikan, Chelyabinsk variation"]
[ECO "B33"]
[NIC "SI.37"]
[Time "16:01:59"]
[TimeControl "2700+10"]

1. e4 c5 2. Nf3 Nc6 3. d4 cxd4 4. Nxd4 Nf6 5. Nc3 e5 6. Ndb5 d6 7. Bg5 a6 8.
Na3 b5 9. Nd5 Be7 10. Bxf6 Bxf6 11. c4 b4 12. Nc2 a5 13. Nce3 O-O 14. Be2
Bg5 15. O-O Nd4 16. b3 f5 17. Nxf5 Nxf5 18. exf5 Bxf5 19. Bg4 Bg6 20. Be6+
Kh8 21. Bg4 Bh4 22. g3 Bg5 23. Bh3 Rb8 24. Bg2 Qe8 25. Qe2 Bh5 26. Qd3 Bg6
27. Be4 Bf7 28. Rad1 Bh5 29. Rb1 Bf7 30. Bxh7 g6 31. Nc7 Qd8 32. Bxg6 Qxc7
33. Bxf7 Rxf7 34. Rbd1 Rd8 35. Qd5 Rh7 36. f4 Bf6 37. fxe5 Bxe5 38. c5 Qg7
39. Qg2 Bd4+ 40. Kh1 Bxc5 41. Rf5 Re8 42. Rdf1 Kg8 43. Qd5+ Kh8 44. Rf7 Qh6
45. Rxh7+ Qxh7 46. Rf5 Re1+ 47. Kg2 Rg1+ 48. Kf3 Rf1+ 49. Kg4 Qxf5+ 50. Qxf5
Rxf5 51. Kxf5 d5 52. Ke5 d4 53. Ke4 Kg7 54. g4 Kg6 55. h4 Kh6 56. Kd3 Bb6
57. Kc4 d3 58. Kxd3 Bf2 59. h5 Bg3 60. Kc4 Bc7 61. Kb5 Kg5 62. Ka4 Kh6 63.
a3 bxa3 64. Kxa3 Kg5 65. Ka4 Kh6 66. b4 axb4 67. Kxb4 Bf4 68. Kc4 Kg5 69.
Kd5 Kxg4 70. h6 Bxh6 {Game drawn because neither player has mating material}
1/2-1/2

[Event "ICC tourney 2067 (45 10)"]
[Site "Internet Chess Club"]
[Date "2020.10.17"]
[Round "3"]
[White "psampat"]
[Black "ChessStar22"]
[Result "1/2-1/2"]
[ICCResult "Game drawn by repetition"]
[WhiteElo "1853"]
[BlackElo "1430"]
[Opening "Caro-Kann: Panov-Botvinnik attack"]
[ECO "B13"]
[NIC "CK.02"]
[Time "16:01:58"]
[TimeControl "2700+10"]

1. e4 c6 2. d4 d5 3. exd5 cxd5 4. c4 dxc4 5. Bxc4 Nc6 6. Nf3 Nf6 7. O-O Bg4
8. Qb3 e6 9. Ne5 Nxd4 10. Qxb7 Be7 11. Bb5+ Nxb5 12. Qxb5+ Kf8 13. Be3 a6
14. Qa4 Be2 15. Re1 Bb5 16. Qf4 Qe8 17. Nc3 Bc6 18. Nxc6 Qxc6 19. Rac1 Nh5
20. Qe5 f5 21. Ne2 Bf6 22. Qxf6+ Nxf6 23. Rxc6 Kf7 24. h3 Rhd8 25. Rec1 Rab8
26. b3 Nd5 27. Bf4 Rb4 28. Be5 Re4 29. Bc7 Rd7 30. Ng3 Rd4 31. Be5 Rd2 32.
R6c2 Rxc2 33. Rxc2 Nb4 34. Rc7 Rxc7 35. Bxc7 Nxa2 36. Ba5 Nc1 37. b4 Nb3 38.
Ne2 Ke7 39. Nf4 g5 40. Ne2 Nxa5 41. bxa5 Kd6 42. Kf1 Kc5 43. Ke1 Kb4 44. Nd4
Kxa5 45. Nxe6 h6 46. Kd2 Kb4 47. Kc2 a5 48. Nd8 a4 49. Kb2 a3+ 50. Ka2 Kc3
51. Kxa3 Kd2 52. Nf7 Ke2 53. Nxh6 Kxf2 54. g4 f4 55. h4 gxh4 56. g5 Ke2 57.
g6 f3 58. Ng4 f2 59. Nxf2 Kxf2 60. g7 h3 61. g8=Q h2 62. Qd5 Kg1 63. Qd4+
Kg2 64. Qg4+ Kh1 65. Qf3+ Kg1 66. Qg4+ Kh1 67. Qh4 Kg1 68. Qe1+ Kg2 69. Qe2+
Kg1 70. Qe3+ Kg2 71. Qe2+ Kg1 72. Qe1+ Kg2 73. Qe4+ Kg1 74. Qg4+ Kh1
{Game drawn by repetition}
1/2-1/2

[Event "ICC tourney 2067 (45 10)"]
[Site "Internet Chess Club"]
[Date "2020.10.17"]
[Round "3"]
[White "kevinsun"]
[Black "wangfang75"]
[Result "0-1"]
[ICCResult "White resigns"]
[WhiteElo "1160"]
[BlackElo "1843"]
[Opening "Scotch: Potter variation"]
[ECO "C45"]
[NIC "SO.05"]
[Time "16:02:21"]
[TimeControl "2700+10"]

1. e4 e5 2. Nf3 Nc6 3. d4 exd4 4. Nxd4 Bc5 5. Nb3 Bb6 6. Nc3 d6 7. Qe2 Nge7
8. Be3 Be6 9. Nd5 Bxe3 10. Qxe3 Bxd5 11. exd5 Nb4 12. O-O-O Nxa2+ 13. Kb1
Nb4 14. c3 Na6 15. Bb5+ Kf8 16. Rhe1 Nb8 17. Re2 Nd7 18. Rde1 Ne5 19. f4
N5g6 20. h4 a6 21. h5 axb5 22. hxg6 Nxg6 23. f5 Ne5 24. Rf1 Qf6 25. Qh3 h6
26. g4 Ra4 27. Nd4 b4 28. Ne6+ Kg8 29. Nxc7 bxc3 30. bxc3 Qd8 31. Nb5 Qa5
32. Rb2 Ra1+ 33. Kc2 Qa4+ 34. Kd2 Nc4+ {White resigns} 0-1

[Event "ICC tourney 2067 (45 10)"]
[Site "Internet Chess Club"]
[Date "2020.10.17"]
[Round "3"]
[White "mnm2"]
[Black "Luc2008"]
[Result "1-0"]
[ICCResult "Black resigns"]
[WhiteElo "1324"]
[BlackElo "1659"]
[Opening "Sicilian: Najdorf, 6.Bg5"]
[ECO "B94"]
[NIC "SI.04"]
[Time "16:02:49"]
[TimeControl "2700+10"]

1. e4 c5 2. Nf3 d6 3. d4 cxd4 4. Nxd4 Nf6 5. Nc3 a6 6. Bg5 Nbd7 7. Bc4 g6 8.
O-O Bg7 9. Qd2 O-O 10. Rfe1 Ng4 11. h3 Nge5 12. Bb3 Re8 13. f4 Qb6 14. fxe5
dxe5 15. Qf2 Qxd4 16. Be3 Qd6 17. Qxf7+ Kh8 18. Qxe8+ Nf8 19. Rf1
{Black resigns}
1-0

[Event "ICC tourney 2067 (45 10)"]
[Site "Internet Chess Club"]
[Date "2020.10.17"]
[Round "3"]
[White "ScoutViolet"]
[Black "wahoo"]
[Result "1-0"]
[ICCResult "Black checkmated"]
[WhiteElo "1660"]
[BlackElo "1743"]
[Opening "Four knights: Spanish variation"]
[ECO "C48"]
[NIC "KP.03"]
[Time "16:01:59"]
[TimeControl "2700+10"]

1. e4 e5 2. Nf3 Nc6 3. Nc3 Nf6 4. Bb5 d6 5. d4 exd4 6. Nxd4 Bd7 7. Bxc6 bxc6
8. O-O Be7 9. f4 O-O 10. Qf3 c5 11. Nde2 Bc6 12. Ng3 Rb8 13. b3 Nd7 14. Nd5
Bxd5 15. exd5 Bf6 16. Rb1 Bd4+ 17. Be3 Bxe3+ 18. Qxe3 Nf6 19. c4 Re8 20. Qd3
Qd7 21. Rbe1 c6 22. dxc6 Qxc6 23. Nf5 Ne4 24. Re2 g6 25. Ne3 Nf6 26. Rfe1
Rbd8 27. Kf1 Re4 28. Nd5 Rxe2 29. Nxf6+ Kg7 30. Qxe2 Qc7 31. Ne8+ Rxe8 32.
Qxe8 Qa5 33. Re7 Kh6 34. Qxf7 Kh5 35. Qxh7+ Kg4 36. Rf7 Qc3 37. Qxg6+ Kh4
38. Rh7# {Black checkmated} 1-0

[Event "ICC tourney 2067 (45 10)"]
[Site "Internet Chess Club"]
[Date "2020.10.17"]
[Round "3"]
[White "SerenaE"]
[Black "LoopyLoop"]
[Result "1/2-1/2"]
[ICCResult "Game drawn by repetition"]
[WhiteElo "1638"]
[BlackElo "1609"]
[Opening "Sicilian: Prins (Moscow) variation"]
[ECO "B55"]
[NIC "SI.01"]
[Time "16:01:59"]
[TimeControl "2700+10"]

1. e4 c5 2. Nf3 d6 3. d4 cxd4 4. Nxd4 Nf6 5. f3 Nc6 6. c4 e6 7. Nc3 Be7 8.
Be3 O-O 9. Be2 Bd7 10. Qd2 Rc8 11. Nc2 Ne5 12. Na3 Qc7 13. Rc1 a6 14. O-O
Bc6 15. Rfd1 Qb8 16. Qe1 Rfd8 17. Qf2 Ng6 18. Ba7 Qa8 19. Bb6 Rd7 20. Nc2
Bd8 21. Be3 Bc7 22. Rd2 Rcd8 23. Rcd1 Qb8 24. Ba7 Qa8 25. Be3 Qb8 26. Ba7
Qa8 27. Be3 Qc8 28. Bf1 Qb8 29. Ba7 Qa8 30. Be3 Qc8 31. a3 Qb8 32. Ba7 Qa8
33. Be3 Qb8 34. Ba7 Qa8 35. Be3 Qb8 36. Ba7 Qa8 37. Be3 Qb8 38. Ba7
{Game drawn by repetition}
1/2-1/2

[Event "ICC tourney 2067 (45 10)"]
[Site "Internet Chess Club"]
[Date "2020.10.17"]
[Round "3"]
[White "soggydollar"]
[Black "shanmukha123"]
[Result "0-1"]
[ICCResult "White resigns"]
[WhiteElo "1789"]
[BlackElo "1952"]
[Opening "Caro-Kann: advance variation"]
[ECO "B12"]
[NIC "CK.04"]
[Time "16:01:59"]
[TimeControl "2700+10"]

1. e4 c6 2. d4 d5 3. e5 Bf5 4. Nf3 e6 5. Be2 a6 6. O-O c5 7. c3 Nd7 8. a3
Ne7 9. Be3 Nc6 10. b4 cxd4 11. cxd4 Be7 12. Nbd2 Rc8 13. Ne1 O-O 14. Nb3 f6
15. f4 Qb6 16. Qd2 Nxb4 17. Rc1 Rxc1 18. Nxc1 Nc6 19. Qc3 fxe5 20. fxe5 Be4
21. Rxf8+ Nxf8 22. Ned3 Qa5 23. Qxa5 Nxa5 24. Nb4 Nc4 25. Bxc4 dxc4 26. Bd2
a5 27. Nba2 Bxa3 28. Bxa5 Bb1 29. Nc3 Bxc1 30. Nxb1 Be3+ 31. Kf1 Bxd4 32.
Nd2 b5 33. Nf3 Bc5 34. Ke2 Ng6 35. g3 h6 36. Kd2 b4 37. Kc2 Kf7 38. Bc7 Ne7
39. Bd8 Nc6 40. Bc7 Nd4+ 41. Nxd4 Bxd4 42. Kd2 b3 43. Bd6 c3+ 44. Kc1 Be3+
45. Kb1 c2+ {White resigns} 0-1

[Event "ICC tourney 2067 (45 10)"]
[Site "Internet Chess Club"]
[Date "2020.10.17"]
[Round "3"]
[White "meghna"]
[Black "Almanac2050"]
[Result "1-0"]
[ICCResult "Black resigns"]
[WhiteElo "1968"]
[BlackElo "1597"]
[Opening "French: advance, Paulsen attack"]
[ECO "C02"]
[NIC "FR.03"]
[Time "16:01:58"]
[TimeControl "2700+10"]

1. e4 e6 2. d4 d5 3. e5 c5 4. c3 Nc6 5. Nf3 Qb6 6. a3 Bd7 7. b4 cxd4 8. cxd4
a6 9. Be2 Nge7 10. O-O Nf5 11. Be3 Rc8 12. Qd2 Be7 13. Nc3 Na7 14. Rac1 O-O
15. Rfd1 Rfe8 16. Bg5 Bf8 17. g4 Ne7 18. h4 Rc7 19. h5 Rec8 20. Bd3 a5 21.
b5 Nxb5 22. Nxb5 Bxb5 23. Rb1 Rc3 24. Rxb5 Qc7 25. Rdb1 Rxa3 26. Rxb7 Qc3
27. Qxc3 Raxc3 28. Bxe7 Bxe7 29. Rxe7 Rxd3 30. Kg2 h6 31. Rbb7 Rf8 32. Ra7
Ra3 33. Nh4 a4 34. Ng6 {Black resigns} 1-0

[Event "ICC tourney 2067 (45 10)"]
[Site "Internet Chess Club"]
[Date "2020.10.17"]
[Round "3"]
[White "amandapati"]
[Black "saikanth"]
[Result "1-0"]
[ICCResult "Black resigns"]
[WhiteElo "1929"]
[BlackElo "1666"]
[Opening "Réti opening"]
[ECO "A05"]
[NIC "QP.11"]
[Time "16:02:08"]
[TimeControl "2700+10"]

1. Nf3 Nf6 2. g3 d5 3. Bg2 Bf5 4. O-O Nc6 5. d4 e6 6. c4 Be7 7. Bf4 h6 8.
Ne5 Nxe5 9. dxe5 Ne4 10. cxd5 exd5 11. Qb3 O-O 12. Nc3 Nxc3 13. bxc3 Be6 14.
Qxb7 Rb8 15. Qxa7 Ra8 16. Qb7 Qd7 17. Rfb1 Rfb8 18. Qxb8+ Rxb8 19. Rxb8+ Kh7
20. a4 Qc6 21. e4 dxe4 22. a5 Qxc3 23. Rbb1 Bd5 24. Rc1 Qd4 25. a6 Ba8 26.
e6 f5 27. Rab1 c5 28. a7 c4 29. Be3 Qd5 30. Rb8 Bc6 31. Bf1 f4 32. Bxc4 Qh5
33. Rb5 g5 34. Bxf4 Qh3 35. Be3 Ba3 36. Rcb1 Kg6 37. Rb6 Bc5 38. Rxc6 Bxe3
39. e7+ Kg7 40. fxe3 Qd7 41. a8=Q {Black resigns} 1-0

[Event "ICC tourney 2067 (45 10)"]
[Site "Internet Chess Club"]
[Date "2020.10.17"]
[Round "3"]
[White "DanielA1926"]
[Black "awakeflood"]
[Result "0-1"]
[ICCResult "White checkmated"]
[WhiteElo "1519"]
[BlackElo "1785"]
[Opening "Queen's pawn game"]
[ECO "D04"]
[NIC "QP.08"]
[Time "16:02:05"]
[TimeControl "2700+10"]

1. d4 d5 2. Nf3 Nf6 3. e3 c5 4. c4 e6 5. Nc3 Nc6 6. cxd5 Nxd5 7. Bb5 Nxc3 8.
bxc3 Bd7 9. O-O a6 10. Bxc6 Bxc6 11. Ne5 Qc7 12. Nxc6 Qxc6 13. Ba3 Bd6 14.
Rb1 b5 15. Rc1 O-O 16. c4 cxd4 17. cxb5 Qd7 18. Qxd4 Rfd8 19. Qxd6 Qxd6 20.
Bxd6 Rxd6 21. bxa6 Rdxa6 22. Rc7 Rxa2 23. g3 g6 24. Rfc1 Rb2 25. Rc8+ Rxc8
26. Rxc8+ Kg7 27. Kg2 g5 28. Rc7 Kg6 29. Kf3 g4+ 30. Kg2 e5 31. Re7 f6 32.
Re6 h5 33. Rd6 Rb7 34. Rd2 Kg5 35. h4+ gxh3+ 36. Kxh3 e4 37. Rd5+ f5 38. Kg2
Rh7 39. Rd8 Rg7 40. Rh8 Rg6 41. f4+ exf3+ 42. Kxf3 Rg7 43. Rf8 Rg6 44. e4
fxe4+ 45. Kxe4 Kg4 46. Rf1 Re6+ 47. Kd3 Kxg3 48. Rf7 h4 49. Rg7+ Kh2 50. Rg4
h3 51. Kd2 Kh1 52. Rg3 h2 53. Kd1 Re4 54. Kd2 Ra4 55. Ke3 Ra3+ 56. Kf2 Rxg3
57. Kxg3 Kg1 58. Kh3 h1=Q+ 59. Kg3 Qe4 60. Kh3 Qg6 61. Kh4 Kf2 62. Kh3 Qg3#
{White checkmated}
0-1

[Event "ICC tourney 2067 (45 10)"]
[Site "Internet Chess Club"]
[Date "2020.10.17"]
[Round "3"]
[White "SparkyNinja"]
[Black "Joshua1"]
[Result "0-1"]
[ICCResult "White checkmated"]
[WhiteElo "1537"]
[BlackElo "1850"]
[Opening "Sicilian: Kan, 5.Bd3"]
[ECO "B42"]
[NIC "SI.42"]
[Time "16:02:08"]
[TimeControl "2700+10"]

1. e4 c5 2. Nf3 e6 3. d4 cxd4 4. Nxd4 a6 5. Bd3 Qc7 6. O-O Nf6 7. Nc3 Bd6 8.
h3 O-O 9. Bg5 Be7 10. Re1 d6 11. Nb3 Nc6 12. f4 h6 13. Bxf6 Bxf6 14. Qh5 b5
15. e5 dxe5 16. Ne4 Be7 17. Ng5 f5 18. g4 hxg5 19. fxg5 e4 20. g6 Qg3+ 21.
Kh1 Qh4 22. Be2 Qxh5 23. gxh5 Bb7 24. Rad1 Ne5 25. Na5 Bd5 26. h6 gxh6 27.
g7 Kxg7 28. Rg1+ Kh7 29. b3 e3+ 30. Kh2 Bd6 31. Nb7 Ng4# {White checkmated}
0-1